 Seeded DCSS version 0.30.1-6-gbe392663c4 (webtiles) character file.

Game seed: 7229806256980976716 (custom seed)

2 Psyclone the Conjurer (level 1, 10/10 HPs)
             Began as a Deep Elf Conjurer on Sept 20, 2023.
             Quit the game on level 1 of the Dungeon.
             The game lasted 00:00:57 (128 turns).

Psyclone the Conjurer (Deep Elf Conjurer)            Turns: 128, Time: 00:00:57

Health: 10/10      AC:  2    Str:  4    XL:     1   Next: 33%
Magic:  6/6        EV: 12    Int: 22    God:
Gold:   17         SH:  0    Dex: 13    Spells: 5/6 levels left

rFire   . . .        (no weapon)
rCold   . . .        (no shield)
rNeg    . . .        a - +0 robe
rPois   .            (no helmet)
rElec   .            (no cloak)
rCorr   .            (no gloves)
SInv    .            (no boots)
Will    .....        (no amulet)
Stlth   ++           (no ring)
HPRegen 0.21/turn    (no ring)
MPRegen 0.10/turn

%: no passive effects
@: no status effects
A: no striking features
a: no special abilities


You were on level 1 of the Dungeon.
You visited 1 branch of the dungeon, and saw 1 of its levels.

You collected 17 gold pieces.

Inventory:

Missiles
 c - a throwing net {!f}
Armour
 a - a +0 robe (worn)
Scrolls
 d - 2 scrolls of amnesia {unknown}
 e - a scroll of acquirement
 f - a scroll of teleportation {unknown}
Potions
 b - a potion of magic


   Skills:
 - Level 2.4 Dodging
 - Level 2.4 Stealth
 - Level 3.0 Spellcasting
 + Level 4.5 Conjurations


You had 5 spell levels left.
You knew the following spells:

 Your Spells              Type           Power      Damage    Failure   Level
a - Magic Dart            Conj           92%        1d7       1%          1

Your spell library contained the following spells:

 Spells                   Type           Power      Damage    Failure   Level
 Searing Ray              Conj           46%        2d6       3%          2
 Dazzling Flash           Conj/Hex       26%        N/A       14%         3
 Fulminant Prism          Conj/Hex       6%         3d7       43%         4
 Iskenderun's Mystic Bla  Conj/Tloc      13%        2d5       43%         4


Dungeon Overview and Level Annotations

Branches:
Dungeon (1/15) Zot: 5872

Altars:


Message History

You see here a hobgoblin corpse.
You now have 17 gold pieces.
d - 2 scrolls labelled FUSKUR VIKLOEP MP restored: 6 A quokka comes into view.
Casting: Magic Dart (safe; 1% risk of failure)
Confirm with . or Enter, or press ? or * to list all spells.
Aiming: Magic Dart (safe; 1% risk of failure)
Press: ? - help, Shift-Dir - straight line, f - quokka
Aim: a quokka (asleep, 100% to hit)
The magic dart hits the quokka but does no damage.
You now have 5/6 mp.
Casting: Magic Dart (safe; 1% risk of failure)
Confirm with . or Enter, or press ? or * to list all spells.
Aiming: Magic Dart (safe; 1% risk of failure)
Press: ? - help, Shift-Dir - straight line, f/p - quokka
Aim: a quokka (100% to hit)
The magic dart hits the quokka.
The quokka is lightly wounded.
You now have 4/6 mp.
Casting: Magic Dart (safe; 1% risk of failure)
Confirm with . or Enter, or press ? or * to list all spells.
Aiming: Magic Dart (safe; 1% risk of failure)
Press: ? - help, Shift-Dir - straight line, f/p - quokka
Aim: a quokka (lightly wounded, 100% to hit)
The magic dart hits the quokka.
You kill the quokka!
You now have 3/6 mp.
Found 3 stones.
MP restored: 6
Casting: Magic Dart (safe; 1% risk of failure)
Confirm with . or Enter, or press ? or * to list all spells.
You can't see any susceptible monsters within range! (Use Z to cast anyway.) Unknown command.
e - 3 scrolls labelled RAGIOR NADERHA You see here 3 stones.
f - a scroll labelled WUBBUN RUOS This is a scroll of acquirement!
Something appears at your feet! Something appears at your feet!
Are you sure you want to abandon this character and quit the game? (Confirm with "yes".)

##♣..>..♣###.
##.......###.
##♣.⌠_⌠.♣##..
#####⌠#####..
############
# ######### #
........# #
#@#
##########
#.#
#.........
#.#
#.########
#(#######.#
#.........#
###########


There were no monsters in sight!

Vanquished Creatures
  A hobgoblin (D:1)
  A quokka (D:1)
2 creatures vanquished.

Notes
Turn   | Place    | Note
-------+----------+-------------------------------------------
     0 | D:1      | Psyclone the Deep Elf Conjurer began the quest for the Orb.
     0 | D:1      | Reached XP level 1. HP: 10/10 MP: 6/6
   126 | D:1      | Identified 3 scrolls of acquirement
   126 | D:1      | Acquired 795 gold pieces
   127 | D:1      | Acquired the ring of Impatience {rCorr Slay+4}
   128 | D:1      | Quit the game

Illustrated notes

Levels and vault maps discovered:
D:1:      spicycebolla_arrival_ecumenical, layout_loops_ring

Action                     || total
---------------------------++-------
   Cast: Magic Dart        ||     6
    Use: Scroll            ||     2
